AoeStats
← FilmDirector

Fortress

508306789Analyzed
4v4 RM · 12d ago on Sep 21, 2026· 58m 52s· 8 players
Game mode
Random Map
Map size
Huge
Population
200
Speed
Normal
Resources
Standard
Victory
Conquest
Starting age
Dark Age
Ending age
Imperial Age
RankedLock teamsTeams togetherTeam positionsShared explorationLock speedFull tech treeHidden civsTurbo modeCheats
Victory
Defeat
🇹🇷 Berbers · Türkiye
1440
+14
🇨🇿 Bohemians · Czechia
1429
+15
🇹🇷 Hindustanis · Türkiye
1415
+15
🇹🇷 Maya · Türkiye
1297
+20
🇸🇪 Britons · Sweden
1409
-17
🇨🇴 Goths · Colombia
1407
-16
🇧🇷 Burgundians · Brazil
1386
-16
🇫🇮 Georgians · Finland
1376
-15
Milongo
9:13 Feudal Age
11:37 Double-Bit Axe
11:32 Horse Collar
13:58 Castle Age
11:52 Double-Bit Axe
12:32 Gold Mining
19:06 Bow Saw
19:10 Town Watch
19:14 Loom
20:06 Wheelbarrow
22:21 Heavy Plow
23:40 Stone Mining
24:37 Hand Cart
28:40 Imperial Age
26:37 Scale Mail Armor
26:47 Forging
27:48 Stone Shaft Mining
27:55 Squires
27:16 Pikeman
27:59 Anarchy
28:16 Chain Mail Armor
29:06 Iron Casting
28:22 Fletching
29:40 Perfusion
30:00 Conscription
30:41 Conscription
29:49 Man-at-Arms
30:46 Halberdier
31:09 Long Swordsman
32:05 Caravan
32:16 Guilds
31:37 Two-Handed Swordsman
32:59 Champion
42:12 Two-Man Saw
41:44 Crop Rotation
44:52 Elite Huskarl
50:52 Blast Furnace
49:48 Bodkin Arrow
51:00 Chemistry
50:20 Ballistics
50:11 Masonry
49:57 Murder Holes
Mowgli
8:29 Feudal Age
9:23 Loom
12:22 Castle Age
10:41 Horse Collar
11:13 Double-Bit Axe
17:55 Wheelbarrow
17:07 Town Watch
20:33 Bow Saw
20:36 Heavy Plow
25:00 Imperial Age
23:47 Fletching
23:58 Padded Archer Armor
25:05 Bodkin Arrow
25:25 Leather Archer Armor
26:07 Gold Mining
26:08 Stone Mining
27:09 Bracer
27:40 Ring Archer Armor
27:38 Hand Cart
27:50 Ballistics
28:21 Conscription
28:38 Hoardings
29:26 Chemistry
28:37 Masonry
28:24 Murder Holes
29:50 Elite Longbowman
33:01 Ring Archer Armor
32:32 Scale Mail Armor
32:43 Forging
33:29 Yeomen
33:17 Caravan
33:01 Man-at-Arms
33:42 Squires
33:58 Long Swordsman
34:31 Two-Handed Swordsman
35:00 Gambesons
35:01 Arson
38:27 Guilds
38:42 Warwolf
39:19 Fortified Wall
39:40 Architecture
38:52 Treadmill Crane
39:32 Chain Mail Armor
39:52 Iron Casting
43:07 Two-Man Saw
44:21 Coinage
45:20 Pikeman
45:21 Champion
48:47 Banking
49:48 Halberdier
52:29 Town Patrol
53:06 Plate Mail Armor
53:36 Blast Furnace
52:44 Siege Engineers
52:30 Guard Tower
52:25 Arrowslits
52:46 Siphons
55:29 Gold Shaft Mining
Full power No shower
8:40 Feudal Age
9:40 Double-Bit Axe
12:34 Castle Age
10:39 Horse Collar
12:20 Gold Mining
12:26 Stone Mining
15:43 Wheelbarrow
18:41 Loom
24:10 Svan Towers
33:21 Imperial Age
31:23 Treadmill Crane
31:34 Guard Tower
32:04 Ballistics
31:45 Fletching
32:49 Bodkin Arrow
34:20 Bracer
35:01 Keep
35:51 Arrowslits
36:19 Masonry
39:37 Gold Mining
40:04 Bow Saw
40:31 Stone Shaft Mining
41:31 Chemistry
40:27 Murder Holes
42:59 Scale Mail Armor
43:07 Heavy Plow
45:06 Architecture
45:28 Guilds
46:15 Hand Cart
48:34 Town Watch
50:18 Town Patrol
50:57 Capped Ram
52:36 Pikeman
53:29 Forging
53:34 Chain Mail Armor
53:46 Halberdier
54:30 Squires
56:36 Scale Barding Armor
Julio2
1:38 Double-Bit Axe
3:15 Horse Collar
8:03 Feudal Age
11:59 Castle Age
10:46 Bow Saw
10:46 Heavy Plow
15:57 Two-Man Saw
20:23 Wheelbarrow
19:39 Loom
19:45 Town Watch
20:02 Gold Mining
20:03 Stone Mining
24:48 Imperial Age
23:22 Scale Barding Armor
24:49 Stone Shaft Mining
25:03 Chain Barding Armor
25:46 Gold Shaft Mining
25:00 Elite Coustillier
27:12 Plate Barding Armor
26:48 Forging
29:32 Conscription
29:19 Burgundian Vineyards
31:15 Chemistry
32:17 Iron Casting
32:29 Caravan
37:20 Blast Furnace
37:34 Coinage
44:11 Banking
46:42 Fletching
47:18 Bodkin Arrow
klostrofobikköstebek
7:00 Feudal Age
11:52 Castle Age
10:03 Double-Bit Axe
10:28 Horse Collar
14:28 Heavy Plow
15:28 Wheelbarrow
16:40 Bow Saw
18:04 Loom
22:37 Hand Cart
26:14 Imperial Age
24:12 Loom
25:04 Forging
24:55 Scale Mail Armor
25:03 Grand Trunk Road
26:26 Iron Casting
26:30 Squires
26:15 Arson
27:32 Conscription
26:43 Elite Ghulam
28:58 Blast Furnace
29:24 Chain Mail Armor
30:14 Chemistry
29:21 Siege Engineers
29:37 Ballistics
30:51 Shatagni
32:27 Padded Archer Armor
32:17 Fletching
34:20 Leather Archer Armor
34:50 Caravan
39:56 Ring Archer Armor
41:56 Husbandry
42:07 Bloodlines
42:08 Bodkin Arrow
44:27 Elite Skirmisher
45:13 Thumb Ring
45:10 Bracer
51:12 Heavy Camel Rider
53:09 Scale Barding Armor
54:07 Imperial Camel Rider
56:40 Chain Barding Armor
FilmDirector
9:34 Feudal Age
9:05 Loom
10:47 Double-Bit Axe
13:51 Castle Age
17:02 Imperial Age
17:38 Chemistry
20:01 Fletching
26:37 Scale Mail Armor
26:33 Pikeman
27:14 Squires
28:59 Chain Mail Armor
29:00 Forging
28:43 Horse Collar
31:47 Iron Casting
31:22 Halberdier
waLLefps.
2:50 Loom
8:44 Feudal Age
12:23 Castle Age
10:16 Double-Bit Axe
11:03 Horse Collar
13:18 Bow Saw
14:05 Heavy Plow
15:04 Loom
19:27 Wheelbarrow
20:55 Hand Cart
20:38 Gold Mining
21:59 Town Watch
22:37 Stone Mining
24:11 Gold Shaft Mining
26:12 Imperial Age
24:35 Fletching
24:45 Padded Archer Armor
26:31 Bodkin Arrow
26:52 Leather Archer Armor
26:58 Ballistics
27:02 Kasbah
28:12 Fortified Wall
28:12 Husbandry
28:22 Bloodlines
28:19 Thumb Ring
29:10 Conscription
29:09 Maghrebi Camels
29:11 Bracer
29:42 Ring Archer Armor
30:13 Chemistry
28:57 Elite Camel Archer
33:19 Guilds
33:57 Caravan
42:01 Light Cavalry
42:51 Scale Barding Armor
42:57 Forging
42:38 Hussar
43:38 Murder Holes
43:56 Masonry
44:47 Chain Barding Armor
45:02 Iron Casting
46:14 Plate Barding Armor
55:16 Coinage
Tameryig1t
6:50 Feudal Age
11:18 Castle Age
10:00 Loom
10:50 Wheelbarrow
11:11 Double-Bit Axe
12:35 Bow Saw
12:12 Horse Collar
24:18 Imperial Age
22:03 Hand Cart
22:24 Fletching
22:35 Padded Archer Armor
23:08 Hand Cart
24:30 Bodkin Arrow
25:04 Ballistics
25:18 Heavy Plow
26:49 Chemistry
26:47 Bracer
28:18 Two-Man Saw
27:10 Gold Mining
27:10 Stone Mining
27:49 Leather Archer Armor
28:03 Conscription
28:10 Scale Mail Armor
28:22 Forging
28:40 Town Watch
29:39 Ring Archer Armor
29:43 Murder Holes
29:38 Elite Plumed Archer
30:38 Stone Mining
31:26 Forging
31:27 Town Patrol
32:11 Squires
31:56 Arson
31:33 Pikeman
33:36 Halberdier
35:53 Chain Mail Armor
36:13 Iron Casting
37:26 Coinage
37:20 Eagle Warrior
38:36 Holcans
39:13 Elite Eagle Warrior
40:38 Caravan
41:09 Banking
40:49 Guilds
41:42 Plate Mail Armor
42:17 Blast Furnace
42:44 Fortified Wall
58:51 Capped Ram
Connection lost

Rejoining the realm…

Still unreachable

The connection could not be restored.

Session expired

The server has moved on; the page needs a fresh start.